 Dungeon Crawl Stone Soup version 0.17.2-1-ge4368a0 (webtiles) character file.

61 Goblin1989 the Changer (level 3, 0/15 HPs)
             Began as a Felid Transmuter on Nov 20, 2016.
             Succumbed to an adder's poison
             ... on level 3 of the Dungeon.
             The game lasted 00:07:03 (2719 turns).

Goblin1989 the Changer (Felid Transmuter)           Turns: 2719, Time: 00:07:04

Health: 0/15       AC:  1    Str:  6    XL:     3   Next: 83%
Magic:  7/7        EV: 18    Int: 19    God:
Gold:   82         SH:  0    Dex: 17    Spells: 3 memorised, 0 levels left
                                        Lives:  0   Deaths: 0

rFire  . . .     SeeInvis +       - Unarmed
rCold  . . .     Clarity  .     (armour unavailable)
rNeg   + . .     SustAt   .     (shield unavailable)
rPois  .         Gourm    .     (helmet unavailable)
rElec  .         Spirit   .     (cloak unavailable)
rCorr  .         Warding  +     (gloves unavailable)
rMut   .         Stasis   .     (boots unavailable)
MR     .....                    e - amulet of warding
Stlth  ++........               (no ring)
                                (no ring)

@: brilliant, lethally poisoned (0 -> -11), appendage, quick, not resistant to
hostile enchantments, unstealthy
A: no armour, no weapons or thrown items, claws 1, fangs 3, horns 2, see
invisible, carnivore 3, speed 1, shaggy fur 1, slow metabolism 1, sharp paws
a: End Transformation


You were on level 3 of the Dungeon.
You were very full.
You had grown temporary horns.
You visited 1 branch of the dungeon, and saw 3 of its levels.

You collected 82 gold pieces.

Inventory:

Missiles
 a - 11 arrows
Jewellery
 e - an amulet of warding (around neck)
Scrolls
 f - a scroll of identify {unknown}
 g - a scroll of fog {unknown}
 h - a scroll of enchant weapon {unknown}
 j - 2 scrolls of fear {unknown}
 k - 2 scrolls of amnesia {unknown}
 m - a scroll of recharging {unknown}
Books
 b - a book of Changes

   Spells                             Type                      Level
   a - Beastly Appendage              Transmutation                1
   b - Sticks to Snakes               Transmutation                2
   c - Spider Form                    Transmutation/Poison         3
   d - Ice Form                       Ice/Transmutation            4
   e - Blade Hands                    Transmutation                5
Comestibles
 c - a meat ration {@e2}
 d - a beef jerky
 l - a slice of pizza


   Skills:
 - Level 1.0 Fighting
 - Level 2.6 Dodging
 - Level 3.0 Unarmed Combat
 - Level 2.0 Spellcasting
 + Level 4.6 Transmutations


You couldn't memorise any spells.
You knew the following spells:

 Your Spells              Type           Power        Failure   Level  Hunger
a - Beastly Appendage     Trmt           ####..       1%          1    #......
b - Sticks to Snakes      Trmt           ####......   1%          2    ###....
c - Spider Form           Trmt/Pois      ###.......   2%          3    ###....


Dungeon Overview and Level Annotations

Branches:
Dungeon (3/15)

Altars:
Sif Muna
Trog


Innate Abilities, Weirdness & Mutations

You cannot wear armour.
You are incapable of wielding weapons or throwing items.
You have sharp claws.
You have razor-sharp teeth.
You have supernaturally acute eyesight.
You are carnivorous and can eat meat at any time.
You cover ground quickly.
You are covered in fur (AC +1).
You have a slow metabolism.
Your sharp claws are effective at attacking unaware monsters.
You have a pair of horns on your head.


Message History

You are more poisoned.
The adder poisons you!
You take 4 damage, and have 4/15 hp.
MASSIVE DAMAGE!!
You closely miss the adder.
The adder is almost dead.
* * * LOW HITPOINT WARNING * * *
You feel sick. The adder bites you.
* * * LOW HITPOINT WARNING * * *
You take 2 damage, and have 2/15 hp.
Unknown command.
You scratch the adder.
You kill the adder!
* * * LOW HITPOINT WARNING * * *
You feel sick.
You take 1 damage, and have 1/15 hp.
Unknown command.
Drink which item? (? for menu, Esc to quit)
It was a potion of brilliance.
You feel clever all of a sudden.
You die...

█.█████.███.██.<.██...
█...██ ██....██████
█.██.███.███.█ █.
██.█.██ █.█
█.████.█████.█
█.█.......██.█
█.█.█.███.██.█
████.█>█.█ ....
█....@.█.█ █..
█.██.███.. █ █. ███ █$
█. █. ██


There were no monsters in sight!

Vanquished Creatures
  2 adders
  A worm (D:2)
  4 giant cockroaches
  6 hobgoblins
  7 kobolds
  6 bats
  7 goblins
  3 rats
36 creatures vanquished.

Vanquished Creatures (collateral kills)
  A goblin (D:2)
  2 hobgoblins (D:2)
3 creatures vanquished.

Grand Total: 39 creatures vanquished

Notes
Turn   | Place    | Note
--------------------------------------------------------------
     0 | D:1      | Goblin1989 the Felid Transmuter began the quest for the Orb.
     0 | D:1      | Reached XP level 1. HP: 9/9 MP: 4/4
   535 | D:1      | Reached XP level 2. HP: 12/12 MP: 6/6
   539 | D:1      | Learned a level 2 spell: Sticks to Snakes
  1754 | D:2      | Reached XP level 3. HP: 15/15 MP: 7/7
  1759 | D:2      | Learned a level 3 spell: Spider Form
  1826 | D:2      | Reached skill level 4 in Transmutations
  1867 | D:2      | Found a bloodstained altar of Trog.
  2425 | D:2      | Found a deep blue altar of Sif Muna.
  2719 | D:3      | Succumbed to an adder's poison

Action                   || total
-------------------------++-------
Melee: Unarmed           ||   113
 Cast: Beastly Appendage ||     3
       Sticks to Snakes  ||     1
  Use: Potion            ||     1
 Stab: Sleeping          ||     7
       Distracted        ||     1
  Eat: Chunk             ||    10

Vault maps used:
D:1:      lightli_arrival_farm, grunt_decor_mini_mirrors, supply_closet_lemuel
D:2:      lemuel_doored_altar, first_bread, trog_hazing_becter
D:3:      marbit_many_paths, lemuel_round_altar, moated_statue, fedhas_altar_3
